 Dungeon Crawl Stone Soup version 0.14-a0-1313-gb2df4ef (webtiles) character file.

267 Jenx the Cudgeler (level 4, -3/34 HPs)
             Began as a Djinni Berserker on Dec 5, 2013.
             Was a Believer of Trog.
             Slain by Grinder (7 damage)
             ... on Level 3 of the Dungeon.
             The game lasted 00:04:46 (2151 turns).

Jenx the Cudgeler (Djinni Berserker)                Turns: 2151, Time: 00:04:46

HP  -3/34        AC 11     Str 19      XL: 4   Next: 78%
MP   0/0         EV  4     Int  7      God: Trog [**....]
Gold 145         SH  0     Dex 12      Spells:  0 memorised,  3 levels left

rFire  + + +     SeeInvis .     a - +0 mace
rCold  x . .     Clarity  .     h - +1 plate armour
rNeg   + + +     Conserve .     (no shield)
rPois  .         rCorr    .     (no helmet)
rElec  .         rRot     .     (no cloak)
SustAb . .       Spirit   .     (no gloves)
rMut   .         Warding  .     (boots unavailable)
Saprov . . .     Stasis   .     (no amulet)
                                (no ring)
                                (no ring)

@: flying, mildly poisoned, slightly resistant to hostile enchantments,
extremely unstealthy
A: fire immunity, cold vulnerability, life protection 3
a: Burn Spellbooks, Berserk, Trog's Hand, Renounce Religion


You were on level 3 of the Dungeon.
You worshipped Trog.
Trog was pleased with you.
You were not hungry.

You visited 1 branch of the dungeon, and saw 3 of its levels.

You collected 145 gold pieces.

Inventory:

Hand weapons
 a - a +0,+0 mace (weapon)
Missiles
 j - 3 tomahawks (quivered)
Armour
 h - a +1 plate armour (worn)
Scrolls
 f - a scroll of recharging {unknown}
 g - 2 scrolls of amnesia {unknown}
 i - a scroll of remove curse {unknown}
 k - a scroll of teleportation {unknown}
 l - a scroll of noise {unknown}
 n - a scroll of curse armour {unknown}
 o - a scroll of fear {unknown}
Jewellery
 b - an uncursed amulet of stasis {unknown}
 e - a cursed ring of teleportation {unknown}
Potions
 c - a potion of invisibility {unknown}
 d - 2 potions of curing {unknown}
 m - a potion of berserk rage {unknown}


   Skills:
 - Level 2.6 Fighting
 * Level 5.6 Maces & Flails
 - Level 2.1 Armour
 - Level 1.7 Dodging


You had 3 spell levels left.
You didn't know any spells.

Dungeon Overview and Level Annotations

Branches:
Dungeon (3/16)

Altars:

Annotations:
D:3 Grinder


Innate Abilities, Weirdness & Mutations

You are immune to all types of fire, even holy and hellish.
You are vulnerable to cold.
You need no food.
You have no legs.
You are immune to negative energy.


Message History

Grinder is heavily wounded.
Grinder gestures.
Grinder blinks!
* * * LOW HITPOINT WARNING * * *
You feel sick.
* * * LOW HITPOINT WARNING * * *
You feel sick.
You hit Grinder but do no damage.
Grinder is heavily wounded.
Grinder hits you but does no damage. Grinder hits you.
* * * LOW HITPOINT WARNING * * *
You hit Grinder.
Grinder is severely wounded.
Grinder gestures at you. You resist.
You closely miss Grinder.
Grinder is severely wounded.
* * * LOW HITPOINT WARNING * * *
You feel sick. Grinder hits you!
You die...

... #.##.#..#....#...#.# # .
..#
#..##.##.#..#....#...#.#.#...
.
#..##.##.#%.#.................
#..##.##.#..#....#.......#.# .
#..##.####..#....#...#.#.#.# .
.............................
. ##..........................
.. ##.#.....#.#..#..##.###.#
#. .. +.....+...@...##.###..
.. #.....#.#.5............ ..
###.................<# ..
###.#.##.#.[##.#..... ..
#.#.##.#..# .# #.# #. #.#.
#.#.....# . ...>........ .
#.#.#....... . .....#####.#.


You could see Grinder.

Vanquished Creatures
  6 adders
  4 worms (D:2)
  5 bats
  2 giant cockroaches (D:2)
  4 goblins
  6 hobgoblins
  9 jackals (D:2)
  5 giant newts
  4 kobolds
  4 rats
49 creatures vanquished.

Notes
Turn   | Place    | Note
--------------------------------------------------------------
     0 | D:1      | Jenx, the Djinni Berserker, began the quest for the Orb.
     0 | D:1      | Reached XP level 1. HP: 16/16 MP: 0/0
   591 | D:1      | Reached XP level 2. EP: 19/22
   994 | D:2      | Reached skill level 4 in Maces & Flails
  1001 | D:2      | Acquired Trog's second power
  1069 | D:2      | Reached XP level 3. EP: 15/28
  1351 | D:2      | Reached skill level 5 in Maces & Flails
  1351 | D:2      | Reached XP level 4. EP: 29/34
  2101 | D:3      | Noticed Grinder
  2113 | D:3      | Paralysed by Grinder for 3 turns
  2124 | D:3      | Paralysed by Grinder for 2 turns
  2151 | D:3      | Slain by Grinder

Action                   |  1- 3 |  4- 6 || total
-------------------------+-------+-------++-------
Melee: Mace              |   114 |    89 ||   203
Throw: Dart              |     1 |       ||     1
Invok: Trog's Hand       |       |     2 ||     2
